 Dungeon Crawl Stone Soup version 0.22.1-2-g9c5b331383 (webtiles) character file.

108 Revguard the Skirmisher (level 4, -4/50 HPs)
             Began as an Ogre Berserker on Dec 16, 2018.
             Was a Believer of Trog.
             Slain by a gnoll
             ... wielding a +0 spear
              (7 damage)
             ... on level 3 of the Dungeon.
             The game lasted 00:04:08 (2143 turns).

Revguard the Skirmisher (Ogre Berserker)            Turns: 2143, Time: 00:04:09

Health: -4/50      AC:  3    Str: 26    XL:     4   Next: 87%
Magic:  4/4        EV: 11    Int:  8    God:    Trog [**....]
Gold:   76         SH:  0    Dex: 11    Spells: 3/3 levels left

rFire    . . .     SeeInvis .   a - +0 mace
rCold    . . .     Gourm    .   (no shield)
rNeg     . . .     Faith    .   b - +0 animal skin
rPois    .         Spirit   .   (helmet restricted)
rElec    .         Reflect  .   (no cloak)
rCorr    .         Harm     .   (gloves unavailable)
MR       .....                  (boots unavailable)
Stlth    +.........             (no amulet)
HPRegen  0.16/turn              (no ring)
MPRegen  0.09/turn              (no ring)

@: mighty
A: large, unfitting armour, talons 1, agile 1, tough skin 1
a: Berserk, Trog's Hand, Renounce Religion


You were on level 3 of the Dungeon.
You worshipped Trog.
Trog was pleased with you.
You were not hungry.

You visited 1 branch of the dungeon, and saw 3 of its levels.

You collected 76 gold pieces.

Inventory:

Hand Weapons
 a - a +0 mace (weapon)
Armour
 b - a +0 animal skin (worn)
Wands
 g - a wand of random effects (26)
Scrolls
 d - 2 scrolls of teleportation
 e - a scroll of immolation
 f - 3 scrolls of identify
 h - 3 scrolls of remove curse {unknown}
 j - a scroll of enchant armour {unknown}
 l - a scroll of magic mapping {unknown}
Potions
 i - a potion of brilliance
 m - a potion of heal wounds {unknown}
Comestibles
 c - 4 rations


   Skills:
 + Level 5.1 Fighting
 + Level 3.9 Maces & Flails
 + Level 3.3 Dodging


You had 3 spell levels left.
You didn't know any spells.
Your spell library was empty.

Dungeon Overview and Level Annotations

Branches:
Dungeon (3/15)

Altars:


Innate Abilities, Weirdness & Mutations

You are too large for most types of armour.
You have tough skin. (AC +1)
You have sharp toenails.
You are agile. (Dex +2)


Message History

The gnoll shouts!
The centaur skeleton hits you.
The centaur skeleton completely misses you.
You sock the centaur skeleton!
The centaur skeleton is moderately damaged.
The centaur skeleton hits you.
You hit the centaur skeleton.
The centaur skeleton is moderately damaged.
The centaur skeleton hits you. x2
You hit the centaur skeleton. You claw the centaur skeleton.
The centaur skeleton is severely damaged.
The centaur skeleton hits you but does no damage.
The gnoll hits you but does no damage.
You are electrocuted!
* * * LOW HITPOINT WARNING * * *
The centaur skeleton closely misses you.
You feel very mighty all of a sudden. The centaur skeleton hits you.
* * * LOW HITPOINT WARNING * * *
The gnoll hits you from afar with a spear!
You die...

#### ##########
...
#...>....###.#
#.####.......#
#.# #.#.##@?#
#.# #.#.##Z.#
#.# #.#..gg.#
###.####.####.##
#......#.. ...
#.#..#.##. ...
#.##.#.# . .....
#.#..#.# .....
#.#.##.# ......#


You could see 2 gnolls and a centaur skeleton.

Vanquished Creatures
  Jessica (D:2)
  2 adders (D:2)
  3 worms (D:2)
  A dart slug (D:1)
  A leopard gecko (D:3)
  9 bats
  A giant cockroach (D:2)
  6 goblins
  7 hobgoblins
  4 jackals (D:1)
  A ball python (D:1)
  3 frilled lizards
  6 kobolds
  4 rats (D:2)
49 creatures vanquished.

Notes
Turn   | Place    | Note
-------+----------+-------------------------------------------
     0 | D:1      | Revguard the Ogre Berserker began the quest for the Orb.
     0 | D:1      | Reached XP level 1. HP: 24/24 MP: 1/1
   252 | D:1      | Reached XP level 2. HP: 31/32 MP: 2/2
   644 | D:1      | Reached XP level 3. HP: 40/40 MP: 3/3
   816 | D:2      | Noticed Jessica
   829 | D:2      | Killed Jessica
   829 | D:2      | Reached ** piety under Trog
   860 | D:2      | Reached XP level 4. HP: 16/49 MP: 4/4
  1082 | D:2      | Reached skill level 5 in Fighting
  1857 | D:2      | Gained mutation: You are agile. (Dex +2) [potion of
                  | mutation]
  1857 | D:2      | Gained mutation: You have sharp toenails. [potion of
                  | mutation]
  2143 | D:3      | Slain by a gnoll

Skill      XL: |  1  2  3  4 |
---------------+-------------+-----
Maces & Flails | 3 |  3.9
Dodging        | 3 |  3.3
Fighting       | 5 |  5.1

Action                   |  1- 3 |  4- 6 || total
-------------------------+-------+-------++-------
Melee: Mace              |    77 |    82 ||   159
       Kick              |       |     2 ||     2
  Use: Scroll            |       |     5 ||     5
       Potion            |       |     2 ||     2
  Eat: Ration            |       |     1 ||     1
       Chunk             |       |     1 ||     1
Armor: Animal skin       |    32 |    23 ||    55
Dodge: Dodged            |    65 |    63 ||   128
